 Dungeon Crawl Stone Soup version 0.31-a0-182-gc5ef74bbde (webtiles) character file.

Game seed: 9445051417941833115

149573 qw the Severer (level 17, -17/108 HPs)
             Began as a Gargoyle Fighter on June 21, 2023.
             Was a Priest of Okawaru.
             Killed from afar by Roxanne (68 damage)
             ... with a crystal spear
             ... on level 1 of the Swamp.
             The game lasted 00:19:53 (27936 turns).

qw the Severer (Gargoyle Fighter)                  Turns: 27936, Time: 00:19:53

Health: -17/108    AC: 64    Str: 27 (28) XL:     17   Next: 51%
Magic:  24/24      EV:  9    Int:  4 (5)  God:    Okawaru [***...]
Gold:   1066       SH: 26    Dex: 13      Spells: 16/16 levels left

rFire   . . .        c - +2 war axe (vamp)
rCold   . . .        F - +0 tower shield
rNeg    + . .        D - +5 crystal plate armour of Niddytt {Rampage Regen+ rCorr}
rPois   inf          r - +2 helmet
rElec   +            t - +2 cloak
rCorr   +            a - +2 pair of gloves
SInv    +            h - +2 pair of boots {Stlth+}
Will    +....        s - amulet of reflection Stlth
                     v - +4 ring of protection
HPRegen 1.18/turn    x - ring of see invisible
MPRegen 0.19/turn

%: reflection, rampage
@: heroic, flying
A: sickness immunity, AC +12, big wings, negative energy resistance 1,
electricity resistance, torment resistance 1, petrification resistance, agile 1,
deterioration 1, dopey 1
a: Renounce Religion, Heroism


You were on level 1 of the Swamp.
You worshipped Okawaru.
Okawaru was most pleased with you.
You visited 6 branches of the dungeon, and saw 27 of its levels.

You collected 2255 gold pieces.
You spent 1189 gold pieces at shops.


Innate Abilities, Weirdness & Mutations

You are immune to sickness and miasma.
Your stone body is resilient. (AC +12)
You are immune to poison.
Your large and strong wings let you fly.
You resist negative energy. (rN+)
You are resistant to electric shocks. (rElec)
You are resistant to unholy torment.
You are immune to petrification.
You are agile. (Dex +4, Str/Int -1)
Your body sometimes deteriorates upon taking damage.
You are dopey. (Int -2)


   Skills:
 - Level 13.0(18.0) Fighting
 - Level 17.0(22.0) Axes
 - Level 7.0(12.0) Throwing
 - Level 15.0(20.0) Armour
 - Level 3.0(8.0) Dodging
 + Level 15.6(20.6) Shields
 - Level 10.0 Invocations


You had 16 spell levels left.
You didn't know any spells.
Your spell library was empty.

Inventory:

Hand Weapons
 c - a +2 vampiric war axe (weapon)
 Y - a +2 broad axe of flaming
Missiles
 q - 8 boomerangs (quivered)
Armour
 a - a +2 pair of gloves (worn)
 h - a +2 pair of boots of stealth (worn)
 p - the scarf of Fatoes {+Inv, rCorr}
   (Okawaru gifted it to you on level 2 of the Lair of Beasts)

   rCorr:     It protects you from acid and corrosion.
 r - a +2 helmet (worn)
 t - a +2 cloak (worn)
 D - the +5 crystal plate armour of Niddytt (worn) {Rampage Regen+ rCorr}
   (You acquired it on level 11 of the Dungeon)

   Regen:     It increases your rate of health regeneration.
   rCorr:     It protects you from acid and corrosion.
   Rampage:   It bestows one free step when moving towards enemies.
 F - a +0 tower shield (worn)
Jewellery
 b - a ring of fire
 i - a ring of willpower
 j - a ring of protection from cold
 k - a ring of protection from cold
 n - a ring of resist corrosion
 s - an amulet of reflection (around neck)
 v - a +4 ring of protection (left hand)
 x - a ring of see invisible (right hand)
Wands
 C - a wand of digging (1)
Scrolls
 f - 14 scrolls of identify
 g - 17 scrolls of teleportation
 l - a scroll of enchant armour
Potions
 d - 3 potions of might
 e - 2 potions of heal wounds
 m - 5 potions of lignification
 o - 10 potions of curing
 u - a potion of mutation
 w - 5 potions of attraction
 z - 3 potions of cancellation
 A - 2 potions of enlightenment

Dungeon Overview and Level Annotations

Branches:
Dungeon (15/15)            Temple (1/1) D:6            Lair (5/5) D:10
  Swamp (1/4) Lair:3       Spider (3/4) Lair:3        Slime (0/5) Lair:4
    Orc (2/2) D:9             Elf (0/3) Orc:2        Vaults (0/5) D:13
 Depths (0/4) D:15

Altars:
Ashenzari
Cheibriados
Dithmenos
Elyvilon
Fedhas
Gozag
Hepliaklqana
Kikubaaqudgha
Makhleb
Nemelex Xobeh
Okawaru
Qazlal
Ru
Sif Muna
Trog
Uskayaw
Vehumet
Wu Jian
Xom
Yredelemnul
Zin
The Shining One
Jiyva
Lugonu

Shops:
D:3 :   D:8 (   Orc:2 *?[:

Portals:
Abyss: Lair:5

Annotations:
D:4 1 transporter, qw's ghost, weakling GrHu
D:14 3 runed translucent doors, Cove's ghost, journeyman GrFi
Swamp:1 Roxanne


Message History

Roxanne asks, "Could you be a darling and pick up those spellbooks for me?"
Roxanne mumbles some strange words.
The crystal spear hits you!!!
You slice Roxanne!!
Roxanne is moderately damaged.
You hit Roxanne.
Roxanne is moderately damaged.
You hit Roxanne but do no damage.
Roxanne is moderately damaged.
You slice Roxanne!!
Roxanne is heavily damaged.
You hit Roxanne.
Roxanne is heavily damaged.
You hit Roxanne.
Roxanne is heavily damaged.
You hit Roxanne but do no damage.
Roxanne is heavily damaged.
You hit Roxanne but do no damage.
Roxanne is heavily damaged.
Roxanne casts a spell.
The bolt of magma hits you!!
Your body deteriorates!
You feel weakened.
You slice Roxanne!!
Roxanne is severely damaged.
You hit Roxanne but do no damage.
Roxanne is severely damaged.
You hit Roxanne but do no damage.
Roxanne is severely damaged.
You hit Roxanne.
Roxanne is severely damaged.
You slice Roxanne!!
Roxanne is severely damaged.
You hit Roxanne but do no damage.
Roxanne is severely damaged.
You hit Roxanne but do no damage.
Roxanne is severely damaged.
Roxanne casts a spell.
The crystal spear hits you!!!
Ouch! That really hurt!
You die...

.~~~~~~~~...~¤~~~~~~~~.~
..~~~~~~.....~~~~~~~....
7~...~~~7.....~¤~~..¤...
77...~~.77777.....~7....
7......7 7~.77777..~~
77~=...77 .7777 77.~~
7......~7.~..~ 7~~~.~~
77.~.~~¤(.~7 .~~~~~~
77...@..~~7 ..~~~~~.
77..8$.~.~7 ~~.~~...
77..?...77 777..777
7.~..777


777 7 ...... 77.~~~.. 77.~7.~. 7..~77.7 You could see Roxanne.

Vanquished Creatures
  Nikola (Spider:2)
  Jorgrun (D:14)
  Frances (D:14)
  Kirke (Swamp:1)
  Agnes (Spider:2)
  A ghost moth (Spider:1)
  An emperor scorpion (Spider:3)
  An orc warlord (Orc:2)
  2 broodmothers (Spider:3)
  A hydra (Lair:4)
  A spriggan air mage (Swamp:1)
  A ghost crab (Swamp:1)
  2 jorogumos
  Erolcha (Orc:1)
  A catoblepas (Lair:5)
  4 radroaches
  An alligator (Lair:3)
  7 boulder beetles
  5 death yaks (Lair:4)
  14 two-headed ogres
  2 dancing weapons (D:13)
  An ogre mage (D:15)
  10 demonic crawlers
  6 orc high priests
  3 thrashing horrors (Lair:5)
  Urug (Lair:5)
  Nergalle (D:12)
  2 skysharks (Lair:3)
  A sun moth (Spider:2)
  5 pharaoh ants
  A spriggan druid (Swamp:1)
  6 orb spiders
  5 bog bodies
  5 steelbarb worms
  A necromancer (D:15)
  4 orc knights (Orc:2)
  A deep elf zephyrmancer (D:15)
  7 wolf spiders
  3 deep elf pyromancers
  2 oklob plants
  7 orc sorcerers
  13 ugly things
  6 cyclopes
  A large abomination (Lair:5)
  3 moths of wrath (Spider:3)
  2 centaur zombies (D:15)
  A manticore (D:12)
  6 elephants (Lair:2)
  Joseph (D:7)
  2 black mambas
  A gargoyle (D:12)
  9 cane toads
  A torpor snail (Lair:4)
  3 smoke demons (Lair:5)
  2 unseen horrors (D:13)
  5 rime drakes
  2 centaur skeletons (D:15)
  A freezing wraith (D:15)
  7 komodo dragons
  An unseen horror zombie (D:10)
  13 tarantellas
  An ancient zyme (Lair:5)
  A queen bee (D:11)
  3 meliai (Spider:3)
  2 polar bears (Lair:3)
  7 trolls
  A tyrant leech (Swamp:1)
  2 wolf spider simulacra (D:15)
  7 hornets
  7 dream sheep (Lair:3)
  37 blink frogs
  A dream sheep (shapeshifter) (Lair:5)
  6 slime creatures
  9 culicivoras
  17 spriggans
  4 shadows
  3 ynoxinuls (Lair:5)
  17 jumping spiders
  50 yaks
  3 hogs (Swamp:1)
  6 wyverns
  2 wraiths
  13 basilisks
  4 steam dragons
  7 vampire mosquitoes
  A chaos spawn (Lair:5)
  16 redbacks
  A swamp worm (shapeshifter) (Lair:5)
  16 water moccasins
  2 acid dragons
  4 swamp worms
  3 wargs (Orc:2)
  40 orc warriors
  Duvessa (D:7)
  A meliai simulacrum (D:14)
  2 black bears
  A swamp drake (Swamp:1)
  2 ice beasts
  27 ogres
  18 wolves
  3 boggarts (Lair:4)
  2 centaurs (D:9)
  2 kobold brigands (D:10)
  5 phantoms
  16 bullfrogs
  A gnoll sergeant (D:5)
  A scorpion (D:10)
  12 small abominations (Lair:5)
  7 wights
  Dowan (D:7)
  35 killer bees
  8 howler monkeys
  5 electric eels
  2 gnoll boudas
  6 hounds
  13 jellies (Lair:4)
  24 orc priests
  Ijyb (D:5)
  4 iguanas
  17 orc wizards
  A howler monkey zombie (D:10)
  21 gnolls
  8 adders
  A shadow imp (D:8)
  2 ufetubi
  4 worms
  2 dart slugs
  109 orcs
  5 endoplasms
  2 giant cockroaches (D:4)
  7 goblins
  7 hobgoblins
  A jackal (D:1)
  5 quokkas
  8 ball pythons
  6 bats
  4 frilled lizards
  22 kobolds
  5 rats
932 creatures vanquished.

Vanquished Creatures (others)
  Arachne (Spider:2)
  A bunyip (Swamp:1)
  A demonic crawler (Spider:3)
  A wolf spider (Spider:2)
  A spriggan (Swamp:1)
  An orc priest (D:7)
  An orc wizard (D:7)
  An orc (D:8)
8 creatures vanquished.

Grand Total: 940 creatures vanquished

Notes
Turn   | Place    | Note
-------+----------+-------------------------------------------
     0 | D:1      | qw the Gargoyle Fighter began the quest for the Orb.
     0 | D:1      | Reached XP level 1. HP: 14/14 MP: 1/1
     0 | D:1      | 0 ||| qw: Version: 0.3-a-9-g12657ce
     0 | D:1      | 0 ||| qw: Game counter: 1599
     0 | D:1      | 0 ||| qw: Always use a shield: true
     0 | D:1      | 0 ||| qw: God list: Okawaru
     0 | D:1      | 0 ||| qw: Allow faded altars: false
     0 | D:1      | 0 ||| qw: Do Orc after D:15 true
     0 | D:1      | 0 ||| qw: Do second Lair branch before Depths: true
     0 | D:1      | 0 ||| qw: Lair rune preference: random
     0 | D:1      | 0 ||| qw: Plans: Normal, Zot:1-4, Slime:5, God:TSO, Crypt,
                  | Tomb, Abyss, Pan, Hells, Win
     0 | D:1      | 0 ||| PLANNING D:1-11
    82 | D:1      | Reached skill level 2 in Axes
   101 | D:1      | Reached XP level 2. HP: 9/19 MP: 2/2
   260 | D:1      | 260 ||| Stepping ~*~*~tactically~*~*~ (stealth).
   433 | D:1      | Reached skill level 3 in Axes
   791 | D:1      | Reached XP level 3. HP: 23/23 MP: 3/3
   844 | D:1      | 844 ||| UPGRADING to +0 cloak.
   849 | D:1      | 849 ||| UPGRADING to amulet of the acrobat.
   854 | D:1      | 854 ||| READING scroll labelled NESIAD HAOGIM.
   955 | D:1      | 955 ||| READING 2 scrolls labelled SUBAFA NUOKKUE.
   958 | D:1      | 958 ||| READING scroll labelled MAGUGE GEDEAT.
   998 | D:2      | 998 ||| Stepping ~*~*~tactically~*~*~ (stealth).
  1000 | D:2      | 1000 ||| Stepping ~*~*~tactically~*~*~ (stealth).
  1001 | D:2      | 1001 ||| Stepping ~*~*~tactically~*~*~ (stealth).
  1003 | D:2      | 1003 ||| Stepping ~*~*~tactically~*~*~ (stealth).
  1016 | D:2      | Found a burning altar of Makhleb.
  1219 | D:2      | Reached skill level 1 in Throwing
  1266 | D:2      | Reached XP level 4. HP: 26/28 MP: 4/4
  1273 | D:2      | 1273 ||| DROPPING +0 club.
  1342 | D:2      | Identified the +0 plate armour "Naereiqi" {Rampage Int-2
                  | Dex+2 SInv}
  1463 | D:2      | 1463 ||| DROPPING +0 whip.
  1665 | D:2      | 1665 ||| UPGRADING to +0 pair of gloves.
  1670 | D:2      | 1670 ||| UPGRADING to +0 plate armour "Naereiqi" {Rampage
                  | Int-2 Dex+2 SInv}.
  1680 | D:2      | 1680 ||| DROPPING +0 scale mail.
  1681 | D:2      | 1681 ||| UPGRADING to +0 helmet.
  1686 | D:2      | 1686 ||| DROPPING ring of magical power.
  1687 | D:2      | 1687 ||| READING 2 scrolls labelled DUIQEXK DYSE.
  1688 | D:2      | 1688 ||| READING scroll of enchant weapon.
  1688 | D:2      | 1688 ||| ENCHANTING +1 war axe.
  1689 | D:2      | 1689 ||| READING scroll labelled XIAWKESYHO.
  1690 | D:2      | 1690 ||| DRINKING 2 red potions.
  1718 | D:3      | Reached skill level 4 in Axes
  1794 | D:3      | Found Attuf's Book Boutique.
  1822 | D:3      | Noticed a phantom
  1833 | D:3      | Killed a phantom
  1834 | D:3      | Reached XP level 5. HP: 22/32 MP: 5/5
  1913 | D:3      | 1913 ||| Stepping ~*~*~tactically~*~*~ (stealth).
  1934 | D:3      | Reached skill level 5 in Axes
  1950 | D:3      | Reached XP level 6. HP: 38/38 MP: 6/6
  2101 | D:3      | 2101 ||| DROPPING +0 mace.
  2209 | D:3      | Found a glowing silver altar of Zin.
  2280 | D:3      | 2280 ||| DROPPING +2 hat.
  2281 | D:3      | 2281 ||| UPGRADING to ring of protection from cold.
  2282 | D:3      | 2282 ||| UPGRADING to ring of resist corrosion.
  2283 | D:3      | 2283 ||| UPGRADING to +4 ring of protection.
  2285 | D:3      | 2285 ||| UPGRADING to ring of protection from cold.
  2287 | D:3      | 2287 ||| READING scroll labelled OMI WU PAUXE.
  2288 | D:3      | 2288 ||| READING scroll labelled LIOLUTA XAU.
  2289 | D:3      | 2289 ||| READING scroll labelled SUUMMU NIDEUCOHO.
  2290 | D:3      | 2290 ||| DRINKING 2 black potions.
  2291 | D:3      | 2291 ||| DROPPING potion of degeneration.
  2587 | D:4      | Found a shimmering altar of Xom.
  2588 | D:4      | Found a broken altar of Ashenzari.
  2589 | D:4      | Found a glowing golden altar of the Shining One.
  2589 | D:4      | Found a hide-covered altar of Uskayaw.
  2665 | D:4      | Reached skill level 6 in Axes
  2670 | D:4      | Noticed a water moccasin
  2680 | D:4      | Reached XP level 7. HP: 40/43 MP: 7/7
  2774 | D:4      | Found a sparkling altar of Nemelex Xobeh.
  2798 | D:4      | Found a shimmering blue altar of Sif Muna.
  3077 | D:4      | Found a transporter.
  3077 | D:4      | Noticed qw's ghost (weakling GrHu)
  3083 | D:4      | Identified the +1 great mace of Havoc {holy, rCorr Dex+5
                  | Stlth+}
  3337 | D:4      | 3337 ||| Stepping ~*~*~tactically~*~*~ (hiding).
  3437 | D:4      | 3437 ||| READING scroll labelled OKEISM ZURRO.
  3467 | D:4      | 3467 ||| DRINKING 2 fuming clear potions.
  3569 | D:5      | Entered Level 5 of the Dungeon
  3756 | D:5      | Reached skill level 7 in Axes
  3772 | D:5      | Found a white marble altar of Elyvilon.
  3997 | D:5      | Noticed Ijyb
  3999 | D:5      | 3999 ||| DRINKING 3 potions of curing.
  3999 | D:5      | 3999 ||| (to cure confusion)
  4006 | D:5      | 4006 ||| DRINKING 2 potions of curing.
  4006 | D:5      | 4006 ||| (to cure confusion)
  4012 | D:5      | Killed Ijyb
  4056 | D:5      | Reached XP level 8. HP: 48/48 MP: 8/8
  4064 | D:5      | 4064 ||| Stepping ~*~*~tactically~*~*~ (hiding).
  4142 | D:5      | 4142 ||| Stepping ~*~*~tactically~*~*~ (hiding).
  4143 | D:5      | 4143 ||| Stepping ~*~*~tactically~*~*~ (hiding).
  4144 | D:5      | 4144 ||| Stepping ~*~*~tactically~*~*~ (hiding).
  4284 | D:5      | 4284 ||| Stepping ~*~*~tactically~*~*~ (hiding).
  4296 | D:5      | Reached skill level 1 in Dodging
  4609 | D:5      | 4609 ||| UPGRADING to amulet of reflection.
  4619 | D:5      | 4619 ||| DROPPING amulet of the acrobat.
  4620 | D:5      | 4620 ||| READING 2 scrolls of identify.
  4620 | D:5      | 4620 ||| IDENTIFYING dark potion
  4621 | D:5      | 4621 ||| DROPPING potion of brilliance.
  4725 | D:6      | 4725 ||| Stepping ~*~*~tactically~*~*~ (stealth).
  4729 | D:6      | 4729 ||| Stepping ~*~*~tactically~*~*~ (hiding).
  4878 | D:6      | Found a staircase to the Ecumenical Temple.
  4879 | D:6      | 4879 ||| PLANNING TEMPLE
  4888 | Temple   | Entered the Ecumenical Temple
  4910 | Temple   | 4910 ||| PLANNING OKAWARU WORSHIP
  5070 | Temple   | Became a worshipper of Warmaster Okawaru
  5071 | Temple   | 5071 ||| PLANNING D:1-11
  5406 | D:6      | Reached skill level 8 in Axes
  5474 | D:6      | Reached * piety under Okawaru
  5475 | D:6      | Reached skill level 6 in Fighting
  5475 | D:6      | 5475 ||| INVOKING Heroism.
  5782 | D:6      | 5782 ||| READING scroll labelled PEGATIKKUW.
  5783 | D:6      | 5783 ||| READING scroll labelled HYECLE QENOANO.
  5816 | D:7      | Noticed Joseph
  5832 | D:7      | Killed Joseph
  5833 | D:7      | Reached XP level 9. HP: 34/55 MP: 9/9
  5960 | D:7      | 5960 ||| Stepping ~*~*~tactically~*~*~ (hiding).
  5961 | D:7      | 5961 ||| Stepping ~*~*~tactically~*~*~ (hiding).
  5962 | D:7      | 5962 ||| Stepping ~*~*~tactically~*~*~ (stealth).
  5969 | D:7      | Reached skill level 1 in Invocations
  6140 | D:7      | 6140 ||| INVOKING Heroism.
  6160 | D:7      | Identified the +1 leather armour of Oheuxu {rElec rN+
                  | Int+2}
  6219 | D:7      | 6219 ||| INVOKING Heroism.
  6266 | D:7      | 6266 ||| INVOKING Heroism.
  6270 | D:7      | Reached skill level 3 in Invocations
  6297 | D:7      | 6297 ||| INVOKING Heroism.
  6299 | D:7      | Noticed Dowan
  6303 | D:7      | Noticed Duvessa
  6307 | D:7      | 6307 ||| Stepping ~*~*~tactically~*~*~ (hiding).
  6312 | D:7      | Killed Duvessa
  6314 | D:7      | 6314 ||| INVOKING Heroism.
  6331 | D:7      | Killed Dowan
  6454 | D:7      | 6454 ||| UPGRADING to +2 cloak.
  6464 | D:7      | 6464 ||| DROPPING +0 cloak.
  6700 | D:7      | 6700 ||| INVOKING Heroism.
  6703 | D:7      | Reached skill level 9 in Axes
  6742 | D:7      | 6742 ||| UPGRADING to +2 pair of boots of stealth.
  6747 | D:7      | 6747 ||| DRINKING 2 inky potions.
  6748 | D:7      | 6748 ||| READING 2 scrolls of identify.
  6748 | D:7      | 6748 ||| IDENTIFYING smoky brown potion
  6749 | D:7      | 6749 ||| DROPPING potion of berserk rage.
  6768 | D:8      | 6768 ||| Stepping ~*~*~tactically~*~*~ (hiding).
  6770 | D:8      | 6770 ||| INVOKING Heroism.
  6912 | D:8      | Identified the +6 rapier of Rooppiu {venom, rF+ rCorr}
  6961 | D:8      | Reached XP level 10. HP: 59/63 MP: 13/13
  6980 | D:8      | Reached ** piety under Okawaru
  7042 | D:8      | 7042 ||| Stepping ~*~*~tactically~*~*~ (stealth).
  7047 | D:8      | 7047 ||| INVOKING Heroism.
  7052 | D:8      | 7052 ||| Stepping ~*~*~tactically~*~*~ (cloud).
  7096 | D:8      | 7096 ||| INVOKING Heroism.
  7120 | D:8      | 7120 ||| FLEEEEING.
  7121 | D:8      | 7121 ||| FLEEEEING.
  7122 | D:8      | 7122 ||| FLEEEEING.
  7123 | D:8      | 7123 ||| FLEEEEING.
  7124 | D:8      | 7124 ||| FLEEEEING.
  7125 | D:8      | 7125 ||| FLEEEEING.
  7126 | D:8      | 7126 ||| FLEEEEING.
  7127 | D:8      | 7127 ||| FLEEEEING.
  7128 | D:8      | 7128 ||| FLEEEEING.
  7129 | D:8      | 7129 ||| FLEEEEING.
  7130 | D:8      | 7130 ||| FLEEEEING.
  7131 | D:8      | 7131 ||| FLEEEEING.
  7132 | D:8      | 7132 ||| FLEEEEING.
  7133 | D:8      | 7133 ||| FLEEEEING.
  7134 | D:8      | 7134 ||| FLEEEEING.
  7135 | D:8      | 7135 ||| FLEEEEING.
  7136 | D:8      | 7136 ||| FLEEEEING.
  7137 | D:8      | 7137 ||| FLEEEEING.
  7138 | D:8      | 7138 ||| FLEEEEING.
  7139 | D:8      | 7139 ||| FLEEEEING.
  7140 | D:8      | 7140 ||| FLEEEEING.
  7141 | D:8      | 7141 ||| FLEEEEING.
  7142 | D:8      | 7142 ||| FLEEEEING.
  7143 | D:8      | 7143 ||| FLEEEEING.
  7144 | D:8      | 7144 ||| FLEEEEING.
  7146 | D:8      | 7146 ||| FLEEEEING.
  7147 | D:8      | 7147 ||| FLEEEEING.
  7148 | D:8      | 7148 ||| FLEEEEING.
  7221 | D:8      | 7221 ||| Stepping ~*~*~tactically~*~*~ (hiding).
  7225 | D:8      | 7225 ||| INVOKING Heroism.
  7245 | D:8      | 7245 ||| Stepping ~*~*~tactically~*~*~ (stealth).
  7253 | D:8      | 7253 ||| Stepping ~*~*~tactically~*~*~ (stealth).
  7416 | D:8      | Found Himese's Weapon Boutique.
  7569 | D:8      | 7569 ||| Stepping ~*~*~tactically~*~*~ (stealth).
  7691 | D:8      | Found a burning altar of Makhleb.
  7693 | D:8      | Noticed a cacodemon
  7736 | D:8      | 7736 ||| DRINKING 3 pink potions.
  7757 | D:9      | 7757 ||| INVOKING Heroism.
  7759 | D:9      | Reached skill level 10 in Axes
  7858 | D:9      | 7858 ||| Stepping ~*~*~tactically~*~*~ (hiding).
  8050 | D:9      | 8050 ||| Stepping ~*~*~tactically~*~*~ (stealth).
  8051 | D:9      | 8051 ||| Stepping ~*~*~tactically~*~*~ (stealth).
  8053 | D:9      | 8053 ||| Stepping ~*~*~tactically~*~*~ (stealth).
  8059 | D:9      | 8059 ||| Stepping ~*~*~tactically~*~*~ (stealth).
  8112 | D:9      | Found a flagged portal.
  8123 | D:9      | Identified the +9 hand axe "Beherhas" {drain, *Rage Dex+2
                  | Stlth+}
  8214 | D:9      | 8214 ||| INVOKING Heroism.
  8268 | D:9      | Found a staircase to the Orcish Mines.
  8430 | D:9      | 8430 ||| Stepping ~*~*~tactically~*~*~ (stealth).
  8619 | D:9      | 8619 ||| DROPPING amulet of guardian spirit.
  8620 | D:9      | 8620 ||| READING scroll labelled PINAUD DYLU.
  8635 | D:10     | Entered Level 10 of the Dungeon
  8637 | D:10     | 8637 ||| INVOKING Heroism.
  8699 | D:10     | Noticed a two-headed ogre
  8700 | D:10     | 8700 ||| INVOKING Heroism.
  8705 | D:10     | Killed a two-headed ogre
  8778 | D:10     | 8778 ||| Stepping ~*~*~tactically~*~*~ (hiding).
  8786 | D:10     | 8786 ||| Stepping ~*~*~tactically~*~*~ (hiding).
  8931 | D:10     | 8931 ||| Stepping ~*~*~tactically~*~*~ (stealth).
  8939 | D:10     | Reached *** piety under Okawaru
  8958 | D:10     | Reached XP level 11. HP: 68/68 MP: 14/14
  8963 | D:10     | 8963 ||| INVOKING Heroism.
  9004 | D:10     | 9004 ||| Stepping ~*~*~tactically~*~*~ (stealth).
  9021 | D:10     | 9021 ||| Stepping ~*~*~tactically~*~*~ (stealth).
  9022 | D:10     | 9022 ||| Stepping ~*~*~tactically~*~*~ (stealth).
  9083 | D:10     | 9083 ||| INVOKING Heroism.
  9105 | D:10     | Reached skill level 11 in Axes
  9115 | D:10     | 9115 ||| INVOKING Heroism.
  9142 | D:10     | Found a staircase to the Lair.
  9632 | D:10     | Found a basalt altar of Yredelemnul.
  9699 | D:10     | 9699 ||| PLANNING LAIR
  9716 | Lair:1   | Entered Level 1 of the Lair of Beasts
  9717 | Lair:1   | 9717 ||| INVOKING Heroism.
  9724 | Lair:1   | Reached skill level 9 in Fighting
  9762 | Lair:1   | Reached **** piety under Okawaru
  9788 | Lair:1   | 9788 ||| INVOKING Heroism.
  9793 | Lair:1   | Reached skill level 9 in Armour
  9903 | Lair:1   | 9903 ||| Stepping ~*~*~tactically~*~*~ (stealth).
  9905 | Lair:1   | 9905 ||| Stepping ~*~*~tactically~*~*~ (stealth).
  9907 | Lair:1   | 9907 ||| INVOKING Heroism.
  9963 | Lair:1   | 9963 ||| FLEEEEING.
  9964 | Lair:1   | 9964 ||| FLEEEEING.
  9970 | Lair:1   | 9970 ||| INVOKING Heroism.
 10049 | Lair:1   | 10049 ||| Stepping ~*~*~tactically~*~*~ (stealth).
 10050 | Lair:1   | 10050 ||| INVOKING Heroism.
 10089 | Lair:1   | 10089 ||| INVOKING Heroism.
 10091 | Lair:1   | Reached skill level 6 in Invocations
 10313 | Lair:1   | Noticed an oklob plant
 10314 | Lair:1   | 10314 ||| INVOKING Heroism.
 10358 | Lair:1   | Killed an oklob plant
 10542 | Lair:1   | Reached XP level 12. HP: 76/76 MP: 16/16
 11013 | Lair:1   | 11013 ||| READING 3 scrolls labelled KOGONL OMAGUN.
 11014 | Lair:1   | 11014 ||| READING 2 scrolls of identify.
 11014 | Lair:1   | 11014 ||| IDENTIFYING sedimented black potion
 11015 | Lair:1   | 11015 ||| DROPPING potion of ambrosia.
 11016 | Lair:1   | 11016 ||| DROPPING 2 scrolls of blinking.
 11065 | Lair:2   | Reached skill level 12 in Axes
 11088 | Lair:2   | 11088 ||| Stepping ~*~*~tactically~*~*~ (hiding).
 11089 | Lair:2   | 11089 ||| Stepping ~*~*~tactically~*~*~ (hiding).
 11111 | Lair:2   | Reached ***** piety under Okawaru
 11147 | Lair:2   | 11147 ||| Stepping ~*~*~tactically~*~*~ (stealth).
 11150 | Lair:2   | 11150 ||| Stepping ~*~*~tactically~*~*~ (stealth).
 11167 | Lair:2   | Received a gift from Okawaru
 11173 | Lair:2   | Reached skill level 6 in Shields
 11178 | Lair:2   | 11178 ||| INVOKING Heroism.
 11291 | Lair:2   | 11291 ||| Stepping ~*~*~tactically~*~*~ (stealth).
 11422 | Lair:2   | Identified the scarf of Fatoes {+Inv, rCorr} (Okawaru
                  | gifted it to you on level 2 of the Lair of Beasts)
 11422 | Lair:2   | Received a gift from Okawaru
 11559 | Lair:2   | Reached skill level 9 in Invocations
 11893 | Lair:2   | 11893 ||| Stepping ~*~*~tactically~*~*~ (stealth).
 12108 | Lair:2   | 12108 ||| READING 2 scrolls labelled TUYTTI SEBU.
 12109 | Lair:2   | 12109 ||| READING 2 scrolls of identify.
 12109 | Lair:2   | 12109 ||| IDENTIFYING lumpy green potion
 12110 | Lair:2   | 12110 ||| DROPPING scroll of immolation.
 12147 | Lair:3   | Noticed a boulder beetle
 12148 | Lair:3   | 12148 ||| INVOKING Heroism.
 12149 | Lair:3   | 12149 ||| INVOKING Finesse.
 12152 | Lair:3   | Noticed a skyshark
 12158 | Lair:3   | Killed a boulder beetle
 12170 | Lair:3   | Killed a skyshark
 12239 | Lair:3   | Found a hole to the Spider Nest.
 12347 | Lair:3   | 12347 ||| INVOKING Heroism.
 12348 | Lair:3   | 12348 ||| Stepping ~*~*~tactically~*~*~ (stealth).
 12420 | Lair:3   | 12420 ||| Stepping ~*~*~tactically~*~*~ (hiding).
 12421 | Lair:3   | 12421 ||| Stepping ~*~*~tactically~*~*~ (hiding).
 12434 | Lair:3   | 12434 ||| INVOKING Heroism.
 12438 | Lair:3   | Reached XP level 13. HP: 49/82 MP: 17/20
 12446 | Lair:3   | Reached skill level 13 in Axes
 12523 | Lair:3   | 12523 ||| Stepping ~*~*~tactically~*~*~ (stealth).
 12548 | Lair:3   | 12548 ||| Stepping ~*~*~tactically~*~*~ (stealth).
 12586 | Lair:3   | 12586 ||| INVOKING Heroism.
 12655 | Lair:3   | Found an iron altar of Okawaru.
 12715 | Lair:3   | 12715 ||| Stepping ~*~*~tactically~*~*~ (stealth).
 12716 | Lair:3   | 12716 ||| Stepping ~*~*~tactically~*~*~ (stealth).
 12717 | Lair:3   | 12717 ||| Stepping ~*~*~tactically~*~*~ (stealth).
 12718 | Lair:3   | 12718 ||| INVOKING Heroism.
 12844 | Lair:3   | You fall into a shaft and drop 2 floors!
 12844 | Lair:5   | Entered Level 5 of the Lair of Beasts
 12886 | Lair:5   | Noticed Urug
 12887 | Lair:5   | 12887 ||| Stepping ~*~*~tactically~*~*~ (hiding).
 12890 | Lair:5   | 12890 ||| Stepping ~*~*~tactically~*~*~ (hiding).
 12891 | Lair:5   | 12891 ||| INVOKING Heroism.
 12901 | Lair:5   | Killed Urug
 12918 | Lair:5   | 12918 ||| Stepping ~*~*~tactically~*~*~ (stealth).
 12919 | Lair:5   | 12919 ||| INVOKING Heroism.
 12969 | Lair:5   | 12969 ||| INVOKING Heroism.
 13014 | Lair:4   | Received a gift from Okawaru
 13019 | Lair:4   | 13019 ||| INVOKING Heroism.
 13199 | Lair:3   | 13199 ||| READING scroll of enchant armour.
 13199 | Lair:3   | 13199 ||| ENCHANTING +0 pair of gloves.
 13224 | Lair:3   | 13224 ||| INVOKING Heroism.
 13335 | Lair:3   | 13335 ||| INVOKING Heroism.
 13379 | Lair:3   | Reached skill level 14 in Axes
 13458 | Lair:3   | 13458 ||| INVOKING Heroism.
 13476 | Lair:3   | Received a gift from Okawaru
 13689 | Lair:3   | 13689 ||| Stepping ~*~*~tactically~*~*~ (stealth).
 13695 | Lair:3   | 13695 ||| FLEEEEING.
 13696 | Lair:3   | 13696 ||| INVOKING Heroism.
 13834 | Lair:3   | Found a staircase to the Swamp.
 13955 | Lair:3   | 13955 ||| DRINKING 2 smoky pink potions.
 14025 | Lair:4   | Found a viscous altar of Jiyva.
 14025 | Lair:4   | Found a staircase to the Slime Pits.
 14028 | Lair:4   | 14028 ||| Stepping ~*~*~tactically~*~*~ (stealth).
 14030 | Lair:4   | 14030 ||| Stepping ~*~*~tactically~*~*~ (stealth).
 14032 | Lair:4   | 14032 ||| Stepping ~*~*~tactically~*~*~ (stealth).
 14034 | Lair:4   | 14034 ||| Stepping ~*~*~tactically~*~*~ (stealth).
 14046 | Lair:4   | 14046 ||| Stepping ~*~*~tactically~*~*~ (stealth).
 14047 | Lair:4   | 14047 ||| Stepping ~*~*~tactically~*~*~ (stealth).
 14049 | Lair:4   | 14049 ||| Stepping ~*~*~tactically~*~*~ (stealth).
 14052 | Lair:4   | 14052 ||| Stepping ~*~*~tactically~*~*~ (stealth).
 14053 | Lair:4   | 14053 ||| Stepping ~*~*~tactically~*~*~ (stealth).
 14098 | Lair:4   | 14098 ||| INVOKING Heroism.
 14402 | Lair:4   | 14402 ||| DROPPING +0 flail.
 14459 | Lair:4   | 14459 ||| INVOKING Heroism.
 14492 | Lair:4   | 14492 ||| Stepping ~*~*~tactically~*~*~ (stealth).
 14494 | Lair:4   | 14494 ||| Stepping ~*~*~tactically~*~*~ (stealth).
 14497 | Lair:4   | 14497 ||| INVOKING Heroism.
 14543 | Lair:4   | 14543 ||| INVOKING Heroism.
 14586 | Lair:4   | 14586 ||| INVOKING Heroism.
 14617 | Lair:4   | Gained mutation: Your large and strong wings let you fly.
                  | [Gargoyle growth]
 14617 | Lair:4   | Reached XP level 14. HP: 46/90 MP: 21/21
 14624 | Lair:4   | Reached skill level 3 in Dodging
 14770 | Lair:4   | 14770 ||| INVOKING Heroism.
 14771 | Lair:4   | 14771 ||| Stepping ~*~*~tactically~*~*~ (hiding).
 14782 | Lair:4   | 14782 ||| SWAPPING to +0 flail of protection.
 14798 | Lair:4   | 14798 ||| INVOKING Heroism.
 14802 | Lair:4   | 14802 ||| SWAPPING to +2 war axe.
 14811 | Lair:4   | Reached skill level 6 in Throwing
 14928 | Lair:4   | 14928 ||| Stepping ~*~*~tactically~*~*~ (stealth).
 15064 | Lair:4   | 15064 ||| Stepping ~*~*~tactically~*~*~ (stealth).
 15079 | Lair:4   | 15079 ||| INVOKING Heroism.
 15080 | Lair:4   | 15080 ||| Stepping ~*~*~tactically~*~*~ (stealth).
 15259 | Lair:4   | 15259 ||| READING scroll of enchant weapon.
 15259 | Lair:4   | 15259 ||| ENCHANTING +2 war axe.
 15281 | Lair:4   | 15281 ||| READING scroll of enchant armour.
 15281 | Lair:4   | 15281 ||| ENCHANTING +1 pair of gloves.
 15664 | Lair:4   | 15664 ||| READING 2 scrolls of identify.
 15664 | Lair:4   | 15664 ||| IDENTIFYING coppery potion
 15683 | Lair:5   | 15683 ||| Stepping ~*~*~tactically~*~*~ (stealth).
 15685 | Lair:5   | 15685 ||| Stepping ~*~*~tactically~*~*~ (stealth).
 15691 | Lair:5   | 15691 ||| Stepping ~*~*~tactically~*~*~ (stealth).
 15715 | Lair:5   | 15715 ||| Stepping ~*~*~tactically~*~*~ (stealth).
 15786 | Lair:5   | 15786 ||| Stepping ~*~*~tactically~*~*~ (stealth).
 15950 | Lair:5   | 15950 ||| Stepping ~*~*~tactically~*~*~ (stealth).
 15997 | Lair:5   | 15997 ||| INVOKING Heroism.
 16071 | Lair:5   | 16071 ||| Stepping ~*~*~tactically~*~*~ (stealth).
 16074 | Lair:5   | 16074 ||| Stepping ~*~*~tactically~*~*~ (hiding).
 16093 | Lair:5   | 16093 ||| FLEEEEING.
 16094 | Lair:5   | 16094 ||| FLEEEEING.
 16095 | Lair:5   | 16095 ||| FLEEEEING.
 16096 | Lair:5   | 16096 ||| FLEEEEING.
 16097 | Lair:5   | 16097 ||| FLEEEEING.
 16098 | Lair:5   | 16098 ||| FLEEEEING.
 16099 | Lair:5   | 16099 ||| FLEEEEING.
 16100 | Lair:5   | 16100 ||| FLEEEEING.
 16101 | Lair:5   | 16101 ||| FLEEEEING.
 16102 | Lair:5   | 16102 ||| FLEEEEING.
 16103 | Lair:5   | 16103 ||| FLEEEEING.
 16104 | Lair:5   | 16104 ||| FLEEEEING.
 16105 | Lair:5   | 16105 ||| FLEEEEING.
 16106 | Lair:5   | 16106 ||| FLEEEEING.
 16107 | Lair:5   | 16107 ||| FLEEEEING.
 16109 | Lair:5   | 16109 ||| FLEEEEING.
 16110 | Lair:5   | 16110 ||| FLEEEEING.
 16111 | Lair:5   | 16111 ||| FLEEEEING.
 16112 | Lair:5   | 16112 ||| FLEEEEING.
 16113 | Lair:5   | 16113 ||| FLEEEEING.
 16114 | Lair:5   | 16114 ||| FLEEEEING.
 16115 | Lair:5   | 16115 ||| FLEEEEING.
 16116 | Lair:5   | 16116 ||| FLEEEEING.
 16117 | Lair:5   | 16117 ||| STAIRDANCE
 16196 | Lair:5   | Reached skill level 15 in Axes
 16542 | Lair:5   | 16542 ||| Stepping ~*~*~tactically~*~*~ (stealth).
 16586 | Lair:5   | 16586 ||| INVOKING Heroism.
 16589 | Lair:5   | 16589 ||| Stepping ~*~*~tactically~*~*~ (cloud).
 16794 | Lair:5   | 16794 ||| Stepping ~*~*~tactically~*~*~ (stealth).
 16799 | Lair:5   | Received a gift from Okawaru
 16917 | Lair:5   | 16917 ||| INVOKING Heroism.
 16918 | Lair:5   | 16918 ||| INVOKING Finesse.
 16949 | Lair:5   | Reached skill level 12 in Fighting
 16990 | Lair:5   | 16990 ||| Stepping ~*~*~tactically~*~*~ (hiding).
 17039 | Lair:5   | 17039 ||| INVOKING Heroism.
 17044 | Lair:5   | HP: 18/92 [chaos spawn (10)]
 17045 | Lair:5   | 17045 ||| READING 9 scrolls of teleportation.
 17046 | Lair:5   | 17046 ||| DRINKING potion of heal wounds.
 17332 | Lair:5   | 17332 ||| INVOKING Heroism.
 17362 | Lair:5   | 17362 ||| Stepping ~*~*~tactically~*~*~ (stealth).
 17363 | Lair:5   | 17363 ||| Stepping ~*~*~tactically~*~*~ (stealth).
 17371 | Lair:5   | Reached skill level 12 in Armour
 17397 | Lair:5   | 17397 ||| FLEEEEING.
 17398 | Lair:5   | 17398 ||| FLEEEEING.
 17399 | Lair:5   | 17399 ||| FLEEEEING.
 17400 | Lair:5   | 17400 ||| FLEEEEING.
 17401 | Lair:5   | 17401 ||| FLEEEEING.
 17402 | Lair:5   | 17402 ||| FLEEEEING.
 17409 | Lair:5   | 17409 ||| FLEEEEING.
 17410 | Lair:5   | 17410 ||| FLEEEEING.
 17412 | Lair:5   | 17412 ||| FLEEEEING.
 17418 | Lair:5   | 17418 ||| FLEEEEING.
 17419 | Lair:5   | 17419 ||| FLEEEEING.
 17420 | Lair:5   | 17420 ||| FLEEEEING.
 17421 | Lair:5   | 17421 ||| FLEEEEING.
 17422 | Lair:5   | 17422 ||| FLEEEEING.
 17423 | Lair:5   | 17423 ||| FLEEEEING.
 17424 | Lair:5   | 17424 ||| FLEEEEING.
 17425 | Lair:5   | 17425 ||| FLEEEEING.
 17426 | Lair:5   | 17426 ||| FLEEEEING.
 17427 | Lair:5   | 17427 ||| FLEEEEING.
 17428 | Lair:5   | 17428 ||| FLEEEEING.
 17429 | Lair:5   | 17429 ||| FLEEEEING.
 17441 | Lair:5   | 17441 ||| FLEEEEING.
 17442 | Lair:5   | 17442 ||| FLEEEEING.
 17443 | Lair:5   | 17443 ||| FLEEEEING.
 17444 | Lair:5   | 17444 ||| FLEEEEING.
 17445 | Lair:5   | 17445 ||| FLEEEEING.
 17446 | Lair:5   | 17446 ||| FLEEEEING.
 17447 | Lair:5   | 17447 ||| FLEEEEING.
 17448 | Lair:5   | 17448 ||| FLEEEEING.
 17449 | Lair:5   | 17449 ||| FLEEEEING.
 17450 | Lair:5   | 17450 ||| FLEEEEING.
 17451 | Lair:5   | 17451 ||| FLEEEEING.
 17452 | Lair:5   | 17452 ||| FLEEEEING.
 17453 | Lair:5   | 17453 ||| FLEEEEING.
 17462 | Lair:5   | 17462 ||| STAIRDANCE
 17578 | Lair:5   | 17578 ||| Stepping ~*~*~tactically~*~*~ (stealth).
 17579 | Lair:5   | 17579 ||| INVOKING Heroism.
 17618 | Lair:5   | Found a corrupted altar of Lugonu.
 17618 | Lair:5   | Found a one-way gate to the infinite horrors of the Abyss.
 17626 | Lair:5   | 17626 ||| READING scroll labelled IGEICA WAUNN.
 17627 | Lair:5   | 17627 ||| PLANNING D:1-11
 17855 | D:11     | 17855 ||| INVOKING Heroism.
 18048 | D:11     | 18048 ||| Stepping ~*~*~tactically~*~*~ (stealth).
 18059 | D:11     | 18059 ||| Stepping ~*~*~tactically~*~*~ (stealth).
 18074 | D:11     | Found an ancient bone altar of Kikubaaqudgha.
 18273 | D:11     | 18273 ||| INVOKING Heroism.
 18274 | D:11     | 18274 ||| INVOKING Finesse.
 18328 | D:11     | Identified the +5 whip "Ysoojaug" {holy, rF- Dex+5 SInv}
 18514 | D:11     | 18514 ||| PLANNING D
 18514 | D:11     | 18514 ||| READING scroll labelled PAAWOLAVVE.
 18514 | D:11     | Identified a scroll of acquirement
 18514 | D:11     | 18514 ||| ACQUIRING +5 crystal plate armour of Niddytt
                  | {Rampage Regen+ rCorr}
 18514 | D:11     | Acquired the +5 crystal plate armour of Niddytt {Rampage
                  | Regen+ rCorr}
 18516 | D:11     | 18516 ||| DROPPING +1 chain mail of cold resistance.
 18517 | D:11     | 18517 ||| UPGRADING to +5 crystal plate armour of Niddytt
                  | {Rampage Regen+ rCorr}.
 18527 | D:11     | 18527 ||| DROPPING +0 plate armour "Naereiqi" {Rampage
                  | Int-2 Dex+2 SInv}.
 18528 | D:11     | 18528 ||| UPGRADING to ring of see invisible.
 18613 | D:12     | Reached XP level 15. HP: 96/96 MP: 22/22
 18774 | D:12     | 18774 ||| Stepping ~*~*~tactically~*~*~ (stealth).
 18776 | D:12     | 18776 ||| Stepping ~*~*~tactically~*~*~ (hiding).
 18777 | D:12     | 18777 ||| Stepping ~*~*~tactically~*~*~ (hiding).
 18778 | D:12     | 18778 ||| Stepping ~*~*~tactically~*~*~ (hiding).
 18779 | D:12     | 18779 ||| Stepping ~*~*~tactically~*~*~ (hiding).
 18872 | D:12     | Noticed Nergalle
 18873 | D:12     | 18873 ||| Stepping ~*~*~tactically~*~*~ (hiding).
 18876 | D:12     | 18876 ||| Stepping ~*~*~tactically~*~*~ (hiding).
 18903 | D:12     | Killed Nergalle
 18911 | D:12     | Received a gift from Okawaru
 19019 | D:12     | 19019 ||| Stepping ~*~*~tactically~*~*~ (hiding).
 19158 | D:13     | Found a frozen archway.
 19187 | D:13     | 19187 ||| READING scroll of enchant weapon.
 19187 | D:13     | 19187 ||| ENCHANTING +3 war axe.
 19422 | D:13     | Found a gate to the Vaults.
 19437 | D:13     | Received a gift from Okawaru
 19455 | D:13     | 19455 ||| SWAPPING to +2 broad axe of flaming.
 19456 | D:13     | 19456 ||| DROPPING +4 war axe.
 19457 | D:13     | 19457 ||| DROPPING +5 whip "Ysoojaug" {holy, rF- Dex+5
                  | SInv}.
 19458 | D:13     | 19458 ||| DROPPING +0 flail of protection.
 19714 | D:13     | 19714 ||| READING scroll labelled ARAWKY LEV CUN.
 19778 | D:14     | 19778 ||| Stepping ~*~*~tactically~*~*~ (hiding).
 19871 | D:14     | Noticed Frances
 19872 | D:14     | 19872 ||| Stepping ~*~*~tactically~*~*~ (hiding).
 19874 | D:14     | 19874 ||| INVOKING Heroism.
 19875 | D:14     | 19875 ||| INVOKING Finesse.
 19890 | D:14     | Killed Frances
 19945 | D:14     | Noticed Jorgrun
 19946 | D:14     | 19946 ||| Stepping ~*~*~tactically~*~*~ (hiding).
 19949 | D:14     | 19949 ||| INVOKING Heroism.
 19950 | D:14     | 19950 ||| INVOKING Finesse.
 19962 | D:14     | Killed Jorgrun
 20169 | D:14     | 20169 ||| INVOKING Heroism.
 20216 | D:14     | Found a runed translucent gate.
 20217 | D:14     | Noticed a frost giant
 20218 | D:14     | Found a runed translucent gate.
 20218 | D:14     | Found a runed translucent gate.
 20218 | D:14     | Noticed Cove's ghost (journeyman GrFi)
 20222 | D:14     | Found an iron altar of Okawaru.
 21343 | D:15     | Entered Level 15 of the Dungeon
 21426 | D:15     | 21426 ||| INVOKING Heroism.
 21436 | D:15     | Reached skill level 16 in Axes
 21561 | D:15     | 21561 ||| INVOKING Heroism.
 21615 | D:15     | 21615 ||| INVOKING Heroism.
 21634 | D:15     | Received a gift from Okawaru
 21635 | D:15     | Reached skill level 15 in Armour
 21892 | D:15     | 21892 ||| INVOKING Heroism.
 21899 | D:15     | Paralysed by an orc sorcerer for 5 turns
 21911 | D:15     | Paralysed by an orc sorcerer for 2 turns
 21922 | D:15     | Received a gift from Okawaru
 21931 | D:15     | 21931 ||| Stepping ~*~*~tactically~*~*~ (hiding).
 21932 | D:15     | 21932 ||| Stepping ~*~*~tactically~*~*~ (hiding).
 21934 | D:15     | 21934 ||| Stepping ~*~*~tactically~*~*~ (hiding).
 21985 | D:15     | Received a gift from Okawaru
 21990 | D:15     | Found a staircase to the Depths.
 22023 | D:15     | 22023 ||| PLANNING ORC
 22168 | Orc:1    | Entered Level 1 of the Orcish Mines
 22169 | Orc:1    | 22169 ||| INVOKING Heroism.
 22340 | Orc:2    | Entered Level 2 of the Orcish Mines
 22397 | Orc:2    | 22397 ||| Stepping ~*~*~tactically~*~*~ (stealth).
 22403 | Orc:2    | 22403 ||| Stepping ~*~*~tactically~*~*~ (stealth).
 22404 | Orc:2    | 22404 ||| Stepping ~*~*~tactically~*~*~ (stealth).
 22586 | Orc:1    | Noticed Erolcha
 22594 | Orc:1    | Killed Erolcha
 22683 | Orc:2    | 22683 ||| Stepping ~*~*~tactically~*~*~ (stealth).
 22686 | Orc:2    | 22686 ||| Stepping ~*~*~tactically~*~*~ (stealth).
 22754 | Orc:2    | Received a gift from Okawaru
 22831 | Orc:2    | 22831 ||| INVOKING Heroism.
 22839 | Orc:2    | Reached XP level 16. HP: 94/101 MP: 21/23
 22849 | Orc:2    | Identified the +0 pair of boots "Bayfoawkoi" {Dex+4}
                  | (Okawaru gifted it to you on level 2 of the Orcish Mines)
 22849 | Orc:2    | Received a gift from Okawaru
 22889 | Orc:2    | 22889 ||| INVOKING Heroism.
 22897 | Orc:2    | Found Pys Pont's Antique Armour Boutique.
 22907 | Orc:2    | 22907 ||| BUYING shimmering orb (308 gold).
 22907 | Orc:2    | Bought a shimmering orb for 308 gold pieces
 22907 | Orc:2    | Identified the orb of Watchfulness {*Rage, -Tele Fly rF++
                  | rC+} (You bought it in a shop on level 2 of the Orcish
                  | Mines)
 22907 | Orc:2    | 22907 ||| BUYING tower shield (99 gold).
 22907 | Orc:2    | Bought a tower shield for 99 gold pieces
 22913 | Orc:2    | Found Noluaq's Book Shop.
 23020 | Orc:2    | 23020 ||| Stepping ~*~*~tactically~*~*~ (stealth).
 23021 | Orc:2    | 23021 ||| Stepping ~*~*~tactically~*~*~ (stealth).
 23023 | Orc:2    | 23023 ||| Stepping ~*~*~tactically~*~*~ (hiding).
 23028 | Orc:2    | 23028 ||| INVOKING Heroism.
 23105 | Orc:2    | 23105 ||| READING scroll of enchant armour.
 23105 | Orc:2    | 23105 ||| ENCHANTING +0 helmet.
 23206 | Orc:2    | Identified the +8 long sword of Faxkets {freeze, rN+}
 23207 | Orc:2    | 23207 ||| Stepping ~*~*~tactically~*~*~ (stealth).
 23219 | Orc:2    | 23219 ||| INVOKING Heroism.
 23338 | Orc:2    | 23338 ||| INVOKING Heroism.
 23348 | Orc:2    | Reached skill level 17 in Axes
 23416 | Orc:2    | 23416 ||| Stepping ~*~*~tactically~*~*~ (stealth).
 23420 | Orc:2    | 23420 ||| Stepping ~*~*~tactically~*~*~ (stealth).
 23423 | Orc:2    | 23423 ||| Stepping ~*~*~tactically~*~*~ (hiding).
 23429 | Orc:2    | 23429 ||| Stepping ~*~*~tactically~*~*~ (hiding).
 23446 | Orc:2    | Found a staircase to the Elven Halls.
 23506 | Orc:2    | 23506 ||| Stepping ~*~*~tactically~*~*~ (hiding).
 23509 | Orc:2    | 23509 ||| Stepping ~*~*~tactically~*~*~ (hiding).
 23619 | Orc:2    | 23619 ||| Stepping ~*~*~tactically~*~*~ (hiding).
 23621 | Orc:2    | 23621 ||| Stepping ~*~*~tactically~*~*~ (hiding).
 23642 | Orc:2    | 23642 ||| INVOKING Heroism.
 23690 | Orc:2    | 23690 ||| Stepping ~*~*~tactically~*~*~ (hiding).
 23709 | Orc:2    | 23709 ||| Stepping ~*~*~tactically~*~*~ (stealth).
 23711 | Orc:2    | 23711 ||| Stepping ~*~*~tactically~*~*~ (hiding).
 23717 | Orc:2    | 23717 ||| INVOKING Heroism.
 23798 | Orc:2    | 23798 ||| INVOKING Heroism.
 23806 | Orc:2    | Found Zeigaokau's Magic Scroll Shop.
 23824 | Orc:2    | 23824 ||| BUYING 3 scrolls of teleportation (153 gold).
 23824 | Orc:2    | Bought 3 scrolls of teleportation for 153 gold pieces
 23824 | Orc:2    | 23824 ||| BUYING scroll of identify (34 gold).
 23824 | Orc:2    | Bought a scroll of identify for 34 gold pieces
 23824 | Orc:2    | 23824 ||| BUYING scroll of identify (34 gold).
 23824 | Orc:2    | Bought a scroll of identify for 34 gold pieces
 23824 | Orc:2    | 23824 ||| BUYING scroll of identify (34 gold).
 23824 | Orc:2    | Bought a scroll of identify for 34 gold pieces
 23824 | Orc:2    | 23824 ||| BUYING scroll of identify (34 gold).
 23824 | Orc:2    | Bought a scroll of identify for 34 gold pieces
 23843 | Orc:2    | Found Cuwk's Assorted Antiques.
 23844 | Orc:2    | 23844 ||| INVOKING Heroism.
 23869 | Orc:2    | 23869 ||| BUYING 2 potions of attraction (174 gold).
 23869 | Orc:2    | Bought 2 potions of attraction for 174 gold pieces
 23869 | Orc:2    | 23869 ||| BUYING 2 potions of curing (174 gold).
 23869 | Orc:2    | Bought 2 potions of curing for 174 gold pieces
 23869 | Orc:2    | 23869 ||| BUYING ivory ring (145 gold).
 23869 | Orc:2    | Bought an ivory ring for 145 gold pieces
 23994 | Orc:2    | 23994 ||| Stepping ~*~*~tactically~*~*~ (stealth).
 24003 | Orc:2    | 24003 ||| Stepping ~*~*~tactically~*~*~ (stealth).
 24044 | Orc:2    | 24044 ||| PLANNING SPIDER:1-3
 24044 | Orc:2    | 24044 ||| DROPPING +0 pair of boots "Bayfoawkoi" {Dex+4}.
 24045 | Orc:2    | 24045 ||| DROPPING orb of Watchfulness {*Rage, -Tele Fly
                  | rF++ rC+}.
 24046 | Orc:2    | 24046 ||| UPGRADING to +0 tower shield.
 24056 | Orc:2    | 24056 ||| DROPPING +0 buckler.
 24057 | Orc:2    | 24057 ||| DROPPING ring of flight.
 24229 | Spider:1 | Entered Level 1 of the Spider Nest
 24259 | Spider:1 | 24259 ||| Stepping ~*~*~tactically~*~*~ (stealth).
 24288 | Spider:1 | 24288 ||| Stepping ~*~*~tactically~*~*~ (stealth).
 24376 | Spider:1 | 24376 ||| Stepping ~*~*~tactically~*~*~ (hiding).
 24378 | Spider:1 | 24378 ||| Stepping ~*~*~tactically~*~*~ (hiding).
 24388 | Spider:1 | Reached skill level 9 in Shields
 24477 | Spider:1 | 24477 ||| Stepping ~*~*~tactically~*~*~ (stealth).
 24939 | Spider:1 | You are sucked into a shaft and drop 1 floor!
 24939 | Spider:2 | Noticed Arachne
 24940 | Spider:2 | 24940 ||| INVOKING Heroism.
 24967 | Spider:2 | Killed Arachne
 24975 | Spider:2 | 24975 ||| INVOKING Heroism.
 24984 | Spider:2 | Gained mutation: Your body sometimes deteriorates upon
                  | taking damage. [mutagenic glow]
 24996 | Spider:2 | 24996 ||| Stepping ~*~*~tactically~*~*~ (stealth).
 25010 | Spider:2 | 25010 ||| Stepping ~*~*~tactically~*~*~ (hiding).
 25011 | Spider:2 | 25011 ||| Stepping ~*~*~tactically~*~*~ (hiding).
 25012 | Spider:2 | 25012 ||| Stepping ~*~*~tactically~*~*~ (hiding).
 25022 | Spider:2 | 25022 ||| INVOKING Heroism.
 25045 | Spider:2 | Noticed Nikola
 25062 | Spider:2 | Killed Nikola
 25072 | Spider:2 | 25072 ||| INVOKING Heroism.
 25130 | Spider:2 | 25130 ||| DRINKING 10 potions of curing.
 25130 | Spider:2 | 25130 ||| (to cure confusion)
 25132 | Spider:2 | Reached skill level 12 in Shields
 25232 | Spider:2 | 25232 ||| SWAPPING to +2 vampiric war axe.
 25243 | Spider:2 | 25243 ||| INVOKING Heroism.
 25317 | Spider:2 | 25317 ||| Stepping ~*~*~tactically~*~*~ (stealth).
 25431 | Spider:1 | 25431 ||| Stepping ~*~*~tactically~*~*~ (hiding).
 25434 | Spider:1 | 25434 ||| INVOKING Heroism.
 25436 | Spider:1 | 25436 ||| INVOKING Finesse.
 25450 | Spider:1 | Received a gift from Okawaru
 25465 | Spider:1 | 25465 ||| INVOKING Heroism.
 25472 | Spider:1 | Gained mutation: You are agile. (Dex +4, Str/Int -1)
                  | [mutagenic glow]
 25480 | Spider:1 | Reached XP level 17. HP: 62/108 MP: 18/24
 25504 | Spider:1 | Gained mutation: You are dopey. (Int -2) [mutagenic glow]
 25707 | Spider:2 | Noticed Agnes
 25708 | Spider:2 | 25708 ||| INVOKING Heroism.
 25731 | Spider:2 | Killed Agnes
 25904 | Spider:2 | 25904 ||| READING 12 scrolls of identify.
 25904 | Spider:2 | 25904 ||| IDENTIFYING puce potion
 25905 | Spider:2 | 25905 ||| DROPPING potion of invisibility.
 25934 | Spider:3 | 25934 ||| INVOKING Heroism.
 26075 | Spider:3 | 26075 ||| Stepping ~*~*~tactically~*~*~ (stealth).
 26077 | Spider:3 | 26077 ||| INVOKING Heroism.
 26100 | Spider:3 | Received a gift from Okawaru
 26201 | Spider:3 | 26201 ||| INVOKING Heroism.
 26301 | Spider:3 | 26301 ||| Stepping ~*~*~tactically~*~*~ (hiding).
 26304 | Spider:3 | 26304 ||| INVOKING Heroism.
 26378 | Spider:3 | 26378 ||| Stepping ~*~*~tactically~*~*~ (hiding).
 26503 | Spider:3 | 26503 ||| Stepping ~*~*~tactically~*~*~ (stealth).
 26505 | Spider:3 | 26505 ||| INVOKING Heroism.
 26516 | Spider:3 | Received a gift from Okawaru
 26521 | Spider:3 | 26521 ||| Stepping ~*~*~tactically~*~*~ (hiding).
 26635 | Spider:3 | 26635 ||| INVOKING Heroism.
 26639 | Spider:3 | 26639 ||| Stepping ~*~*~tactically~*~*~ (stealth).
 26754 | Spider:3 | 26754 ||| READING scroll of enchant armour.
 26754 | Spider:3 | 26754 ||| ENCHANTING +1 helmet.
 27108 | Spider:3 | 27108 ||| Stepping ~*~*~tactically~*~*~ (stealth).
 27109 | Spider:3 | 27109 ||| Stepping ~*~*~tactically~*~*~ (stealth).
 27206 | Spider:3 | 27206 ||| Stepping ~*~*~tactically~*~*~ (stealth).
 27336 | Spider:3 | 27336 ||| PLANNING SWAMP:1-3
 27460 | Swamp:1  | Entered Level 1 of the Swamp
 27467 | Swamp:1  | 27467 ||| STAIRDANCE
 27477 | Lair:3   | Reached skill level 15 in Shields
 27494 | Swamp:1  | 27494 ||| INVOKING Heroism.
 27520 | Swamp:1  | Noticed Kirke
 27534 | Swamp:1  | 27534 ||| INVOKING Heroism.
 27548 | Swamp:1  | 27548 ||| INVOKING Heroism.
 27553 | Swamp:1  | Killed Kirke
 27603 | Swamp:1  | 27603 ||| Stepping ~*~*~tactically~*~*~ (hiding).
 27750 | Swamp:1  | 27750 ||| Stepping ~*~*~tactically~*~*~ (hiding).
 27767 | Swamp:1  | 27767 ||| INVOKING Heroism.
 27856 | Swamp:1  | 27856 ||| INVOKING Heroism.
 27865 | Swamp:1  | 27865 ||| SWAPPING to +2 broad axe of flaming.
 27867 | Swamp:1  | 27867 ||| SWAPPING to +2 vampiric war axe.
 27913 | Swamp:1  | Noticed Roxanne
 27914 | Swamp:1  | 27914 ||| INVOKING Heroism.
 27936 | Swamp:1  | Killed from afar by Roxanne

Levels and vault maps discovered:
D:1:      amcnicky_arrival_feature_with_door, layout_basic, minmay_pentomino_w4
D:2:      minmay_chambers_of_twos, layout_rooms, basic_altar, minmay_quantized
D:3:      layout_rooms, zin_scriptorium, serial_shops, shop
D:4:      minmay_clustersquares, layout_loops_corners,
          mainiacjoe_overflow_catwalk_spiral, mainiacjoe_overflow_alcove_3,
          gammafunk_ghost_smash
D:5:      layout_basic, elyvilon_altar_3, serial_curves, eino_curves_03,
          eino_curves_02, uniq_ijyb
D:6:      layout_loops_ring, minmay_temple_entry_poolview
D:7:      layout_loops_cross, grunt_ogre_cave, kennysheep_generic_room_12,
          uniq_joseph, uniq_duvessa
D:8:      layout_basic, makhleb_altar_promises_db, serial_shops,
          nicolae_shop_back_alley_shop
D:9:      layout_loops_ring, hiddenorc1_lemuel, enter_bailey_2,
          amcnicky_mini_corridor_feature
D:10:     layout_loops_ring, lemuel_zombie_altar_yredelemnul,
          minmay_lair_entry_grove
D:11:     layout_roguey [special_room_bee], kiku_gazebo_pond_becter
D:12:     layout_basic, uniq_nergalle
D:13:     layout_gridville, erik_vaults_1, portal_ice_cave_rime
D:14:     layout_loops_ring, gammafunk_ghost_fury_of_okawaru, feat_on_display,
          uniq_jorgrun, uniq_frances
D:15:     grunt_enter_depths_magical_seal, layout_basic, columned_hall_lemuel
Temple:   chequers_temple_sunken
Lair:1:   layout_chaotic_city, minmay_lair_oklob_bushes, grunt_megastairs_1
Lair:2:   layout_hall_layers
Lair:3:   beast_lair_carwin_large_1, layout_hall_layers,
          nicolae_swamp_entry_splash_gauntlet, spider_nest_entry_webs,
          basic_altar, grunt_forest_stairs_clearing,
          infiniplex_staircase_pool_2, lemuel_fruit_fields,
          serial_bayou_shore_a, serial_bayou_shore_b
Lair:4:   kb_forest_paths, layout_regular_city, minmay_slime_entry_jelly_boxes
Lair:5:   hellmonk_lair_end_abyssal_woods, layout_cave_pods,
          kennysheep_basilisk_garden, grunt_megastairs_5, serial_bayou_shore_b,
          uniq_urug
Swamp:1:  layout_basic_swamp, nicolae_swamp_well_well_well, uniq_kirke,
          uniq_roxanne
Spider:1: layout_spider_delve, nicolae_spider_spiderdrome
Spider:2: layout_spider_delve, hellmonk_narrow_tunnel,
          hangedman_spider_tarantella_strand, uniq_arachne, uniq_nikola,
          uniq_agnes
Spider:3: layout_cave_pods
Orc:1:    layout_diamond_mine, uniq_erolcha
Orc:2:    pubby_orc_utopia, serial_shops

Skill      XL: |  1  2  3  4  5  6  7  8  9 10 11 12 13 14 15 16 17 |
---------------+----------------------------------------------------+-----
Axes           | 2 3 4 5 6 7 8 9 10 11 12 14 15 16 17 | 17.0
Throwing       | 1 2 4 5 6 7 |  7.0
Fighting       | 4 6 7 8 9 10 11 12 13 | 13.0
Armour         | 4 7 8 9 11 12 15 | 15.0
Dodging        | 1 2 3 |  3.0
Invocations    | 4 6 10 | 10.0
Shields        | 4 5 6 7 8 12 15 | 15.6

Action                     |  1- 3 |  4- 6 |  7- 9 | 10-12 | 13-15 | 16-18 || total
---------------------------+-------+-------+-------+-------+-------+-------++-------
  Melee: War axe           |    78 |    95 |   335 |   667 |  1041 |   569 ||  2785
         Flail             |       |       |       |       |    18 |       ||    18
         Broad axe         |       |       |       |       |   289 |   481 ||   770
  Throw: Boomerang         |    12 |    10 |       |    95 |    68 |   162 ||   347
         Javelin           |    13 |    25 |    13 |    68 |   180 |    10 ||   309
 Invoke: Heroism           |       |       |     8 |    21 |    35 |    28 ||    92
         Finesse           |       |       |       |     1 |     4 |     1 ||     6
    Use: Scroll            |     3 |     6 |     5 |     5 |     9 |     3 ||    31
         Potion            |       |     2 |     4 |     1 |     2 |     1 ||    10
 Armour: Scale mail        |    54 |    14 |       |       |       |       ||    68
         Plate armour      |       |    47 |   202 |   340 |   385 |       ||   974
         Crystal plate arm |       |       |       |       |   223 |   619 ||   842
  Dodge: Dodged            |    39 |    37 |    99 |   181 |   250 |   219 ||   825
  Block: Buckler           |    13 |    17 |   107 |   305 |   480 |    99 ||  1021
         Reflection        |       |       |     2 |     5 |     6 |    10 ||    23
         Tower shield      |       |       |       |       |       |   956 ||   956

Table legend:
 A = Non-vault XP
 B = Vault XP
 C = Vault XP percentage of total XP
 D = Non-vault monster count
 E = Vault monster count
 F = Vault count percentage of total count
                 A         B        C        D         E       F
            +---------+---------+-------+---------+---------+-------
      Total |  130391 |   83285 |  39.0 |     522 |     416 |  44.3
            +---------+---------+-------+---------+---------+-------
        D:1 |      25 |      10 |  28.6 |      15 |       6 |  28.6
        D:2 |      26 |      58 |  69.0 |      10 |      11 |  52.4
        D:3 |     299 |       0 |   0.0 |      20 |       0 |   0.0
        D:4 |     532 |      38 |   6.7 |      15 |      12 |  44.4
        D:5 |     439 |      36 |   7.6 |      16 |       1 |   5.9
        D:6 |     802 |       0 |   0.0 |      14 |       0 |   0.0
        D:7 |    1000 |     874 |  46.6 |      20 |       6 |  23.1
        D:8 |    1511 |       0 |   0.0 |      24 |       0 |   0.0
        D:9 |     981 |     189 |  16.2 |      12 |      17 |  58.6
       D:10 |    3066 |    2541 |  45.3 |      27 |      14 |  34.1
       D:11 |    4944 |    1788 |  26.6 |      14 |      25 |  64.1
       D:12 |    6112 |     777 |  11.3 |      19 |       1 |   5.0
       D:13 |    2157 |    2399 |  52.7 |       9 |       4 |  30.8
       D:14 |    3184 |    3384 |  51.5 |       7 |       2 |  22.2
       D:15 |   13113 |    5022 |  27.7 |      23 |      10 |  30.3
     Lair:1 |    4794 |    1941 |  28.8 |      21 |       8 |  27.6
     Lair:2 |    7524 |       0 |   0.0 |      32 |       0 |   0.0
     Lair:3 |   10706 |    5109 |  32.3 |      39 |      25 |  39.1
     Lair:4 |    8162 |    7521 |  48.0 |      22 |      37 |  62.7
     Lair:5 |    6400 |   15232 |  70.4 |      19 |      54 |  74.0
    Swamp:1 |    6777 |    2095 |  23.6 |      20 |       4 |  16.7
   Spider:1 |   13708 |       0 |   0.0 |      35 |       0 |   0.0
   Spider:2 |   10508 |   12523 |  54.4 |      21 |      13 |  38.2
   Spider:3 |   20421 |       0 |   0.0 |      42 |       0 |   0.0
      Orc:1 |    3200 |     848 |  20.9 |      26 |       1 |   3.7
      Orc:2 |       0 |   20900 | 100.0 |       0 |     165 | 100.0
            +---------+---------+-------+---------+---------+-------
